check, lawful female dwarven Valkyrie ------------- -------- |.........<.| |......-#######|...........| |......| |...........| ------ |......| ---------|--- |....| |>.....-####################################|.....# |......| # #|....|# -|------ # ##*....|# # # # # |.^.>|# ## # ------.------ ### ------########## #I# |...........| # # -.-+- # |............########## # |...| |...........| ### |...| |...........| # |...| ------------- ### |...| # |...| ##....| ----- check the Skirmisher Experience level: 3 Strength: 15 Dexterity: 12 Constitution: 18 Intelligence: 9 Wisdom: 13 Charisma: 8 Health: 0(42) Energy: 7(7) Def: 4 Gold: 494 Moves: 2080 Dungeon seed: SU_wfTEl5ETHewyN Game ID: check_1536572004 Your Inventory: Coins $ - 494 gold pieces Amulets k - an uncursed amulet of unchanging Weapons a - a +1 long sword (weapon in hand) b - a +0 dagger g - 29 +0 darts m - a +0 arrow Armor e - an uncursed +3 small shield (being worn) n - an uncursed +0 pair of gauntlets of dexterity Comestibles c - 5 uncursed food rations q - an uncursed lichen corpse Scrolls f - an uncursed scroll of enchant weapon l - an uncursed scroll of light Potions d - an uncursed potion of polymorph p - a blessed potion of booze Tools h - an uncursed credit card i - an uncursed tin opener Spells and supernatural/magical abilities: Name Level Category Fail Memory W - pray for help -- divine ? -- Your skills at the end: Fighting Skills Weapon Skills dagger [Basic] long sword [Basic] Spellcasting Skills Final Attributes: You were piously aligned. You were cold resistant. You had infravision. You were stealthy. You are dead. Vanquished creatures: a hobbit a large kobold a brown mold a yellow mold a gnome zombie a gecko 6 jackals 4 foxes a kobold a goblin 2 sewer rats 6 grid bugs 4 lichens a kobold zombie 3 newts 34 creatures vanquished. Voluntary challenges: You were an atheist. You used a wielded weapon 34 times, starting on turn 10. You were illiterate. You never genocided any monsters. You never polymorphed an object. You never changed form. You used no wishes. You never split a pudding. You never wrote Elbereth's name. You violated your moral code, losing 19 points of alignment, starting on turn 1231. Dungeon overview: The Dungeons of Doom: levels 1 to 5 Level 1 an altar to Tyr a long staircase Level 2 some fountains Level 3 a potion shop Level 4 <- You were here stairs to The Gnomish Mines Level 5 The Gnomish Mines: Level 5 stairs to The Dungeons of Doom History has recorded: On T:1 you entered the Dungeons of Doom to retrieve the Amulet of Yendor! On T:475 you reached level 2 of The Dungeons of Doom. On T:528 you reached level 3 of The Dungeons of Doom. On T:677 you advanced to experience level 2. On T:854 you advanced to experience level 3. On T:1324 you reached level 4 of The Dungeons of Doom. On T:1880 you reached level 1 of The Gnomish Mines. On T:2013 you reached level 5 of The Dungeons of Doom. Score breakdown: Gold: 494 ( 9166 points) Experience: 3 levels ( 7878 points) Exploration: 5 levels ( 10.87%) ( 8944 points) Discoveries: 0 items ( 0.00%) ( 0 points) Valuables value: (no points given unless you survive) Artifact value: 0 ( 0 points) Variety of kills: 15 monsters ( 3.94%) ( 5952 points) Turncount: 2080 turns ( -58 points) Survival: died (score multiplied by 80%) Total score: 25505 Latest messages: You miss the homunculus. The homunculus bites! You are put to sleep! It bites! (6x) You wake up. You miss the homunculus. The homunculus bites! Please move the cursor to an unknown object. A homunculus [seen: normal vision, infravision] on the floor of a room. Please move the cursor to an unknown object. A homunculus [seen: normal vision, infravision] on the floor of a room. You miss the homunculus. The homunculus bites! (2x) You are put to sleep! It bites! (5x) You wake up. The homunculus bites! You are put to sleep! It bites! (3x) You die... Final status: Farvel check the Valkyrie, killed by a homunculus, while sleeping... You died in The Dungeons of Doom on dungeon level 4 with 25505 points, and 494 pieces of gold, after 2080 moves. You were level 3 with a maximum of 42 hit points when you died.